 Dungeon Crawl Stone Soup version bcrawl-1.17.3 (webtiles) character file.

Game seed: 8014057195763557757

163 Mrkan the Ducker (level 5, -3/45 HPs)
             Began as a Hill Orc Archaeologist on Oct 30, 2019.
             Killed by divine providence
             ... invoked by an orc priest
              (11 damage)
             ... on level 3 of the Dungeon.
             The game lasted 00:04:30 (2954 turns).

Mrkan the Ducker (Hill Orc Archaeologist)           Turns: 2954, Time: 00:04:31

Health: -3/45      AC: 18    Str: 20    XL:     5   Next: 44%
Magic:  5/5        EV:  3    Int: 14    God:
Gold:   236        SH:  0    Dex:  9    Spells: 4/4 levels left

rFire    . . .     SeeInvis .   a - +0 whip
rCold    . . .     Gourm    .   (no shield)
rNeg     . . .     Faith    .   q - +0 crystal plate armour
rPois    .         Spirit   .   c - +1 hat
rElec    .         Reflect  .   (no cloak)
rCorr    .         Harm     .   (no gloves)
MR       .....                  d - +1 pair of boots
Stlth    ..........             (no amulet)
HPRegen  0.15/turn              (no ring)
MPRegen  0.09/turn              (no ring)

@: mighty, lethally poisoned (-3 -> -7), studying Spellcasting
A: no striking features
a: Convert to Beogh


You were on level 3 of the Dungeon.
You were not hungry.

You visited 1 branch of the dungeon, and saw 4 of its levels.

You collected 236 gold pieces.

Inventory:

Hand Weapons
 a - a +0 whip (weapon)
Armour
 c - a +1 hat (worn)
 d - a +1 pair of boots (worn)
 o - a +0 scale mail
 q - a +0 crystal plate armour (worn)
Jewellery
 m - an uncursed ring of flight {unknown}
 r - an uncursed ring of poison resistance {unknown}
Scrolls
 h - 3 scrolls of teleportation {unknown}
 i - a scroll of remove curse {unknown}
 l - 3 scrolls of identify {unknown}
 n - a scroll of fog {unknown}
 p - a scroll of magic mapping {unknown}
 u - a scroll of amnesia {unknown}
Potions
 k - a potion of heal wounds
 t - a potion of haste {unknown}
 v - a potion of invisibility {unknown}
Books
 e - a manual of Spellcasting
Miscellaneous
 f - an ancient crate
Comestibles
 g - 5 rations {!d}


   Skills:
 * Level 3.0 Fighting
   Level 3.0 Short Blades
   Level 3.0 Long Blades
   Level 3.0 Axes
   Level 3.0 Maces & Flails
   Level 3.0 Polearms
   Level 3.0 Staves
 + Level 2.4 Armour
 + Level 3.2 Dodging
 - Level 2.6 Stealth
   Level 3.0 Unarmed Combat


You had 4 spell levels left.
You didn't know any spells.
Your spell library was empty.

Dungeon Overview and Level Annotations

Branches:
Dungeon (4/12)
 Temple: D:4-7

Altars:
Elyvilon


Message History

The orc priest hits you but does no damage.
You barely miss the orc priest.
The orc priest is heavily wounded.
* * * LOW HITPOINT WARNING * * *
You feel sick. The orc hits you but does no damage.
The orc priest shouts, "Surrender to Beogh and we'll let you live!"
The orc priest hits you but does no damage.
You completely miss the orc priest.
The orc priest is heavily wounded.
The orc hits you but does no damage.
It was a potion of heal wounds.
You feel much better.
You feel sick.
The orc priest mumbles some strange prayers to Beogh against you.
Beogh smites you!
* * * LOW HITPOINT WARNING * * *
You hit the orc priest.
The orc priest is severely wounded.
The orc hits you but does no damage.
The orc priest calls down the wrath of Beogh upon you.
Beogh smites you!
You die...

###########
###
#..o@ooo..#
#..
#.#######.#
#.# #.# ##>##
#.# #.#
#...####.## ##
#.#
#...o.....###.
#.#
#..#Ko.o......
#.#
###.####.#.##.
#.# #.#
#.#.### #.#
#.# #K#....


You could see an orc priest and 3 orcs.

Vanquished Creatures
  A howler monkey (D:2)
  A hound (D:2)
  An orc priest (D:3)
  An ooze (D:2)
  2 worms
  5 leopard geckos
  2 orcs (D:3)
  A giant cockroach (D:2)
  4 goblins
  3 hobgoblins
  8 jackals
  9 bats
  3 frilled lizards
  5 kobolds
  5 rats
51 creatures vanquished.

Notes
Turn   | Place    | Note
-------+----------+-------------------------------------------
     0 | D:1      | Mrkan the Hill Orc Archaeologist began the quest for the
                  | Orb.
     0 | D:1      | Reached XP level 1. HP: 15/15 MP: 1/1
    76 | D:1      | Reached skill level 1 in Fighting
   409 | D:1      | Reached XP level 2. HP: 23/23 MP: 2/2
   521 | D:1      | Reached skill level 1 in Armour
  1077 | D:2      | Reached XP level 3. HP: 29/29 MP: 3/3
  1307 | D:2      | Reached XP level 4. HP: 31/36 MP: 4/4
  1948 | D:2      | Reached XP level 5. HP: 29/42 MP: 5/5
  2375 | D:3      | Found a white marble altar of Elyvilon.
  2418 | D:4      | HP: 3/66 [poisoned by a kobold]
  2424 | D:4      | HP: 2/66 [poisoned by a kobold]
  2432 | D:4      | HP: 2/66 [poisoned by a kobold]
  2954 | D:3      | Killed from afar by an orc priest

Skill      XL: |  1  2  3  4  5 |
---------------+----------------+-----
Fighting       | 1 2 3 |  3.0
Armour         | 1 2 |  2.4
Dodging        | 3 |  3.2
Short Blades   | |  3.0
Long Blades    | |  3.0
Axes           | |  3.0
Maces & Flails | |  3.0
Polearms       | |  3.0
Staves         | |  3.0
Stealth        | |  2.6
Unarmed Combat | |  3.0

Action                   |  1- 3 |  4- 6 || total
-------------------------+-------+-------++-------
Melee: Whip              |   110 |   240 ||   350
       Punch             |     2 |     1 ||     3
  Use: Potion            |       |     4 ||     4
 Stab: Sleeping          |     1 |       ||     1
  Eat: Chunk             |     1 |     4 ||     5
       Ration            |       |     1 ||     1
Armor: Robe              |    16 |       ||    16
       Scale mail        |    66 |     3 ||    69
       Crystal plate arm |       |   267 ||   267
Dodge: Dodged            |    84 |     9 ||    93
